 Dungeon Crawl Stone Soup version 0.32-a0-732-ga344392067 (webtiles) character file.

Game seed: 2994008668284202492

228 gimp the Shooter (level 6, -1/44 HPs)
             Began as a Coglin Hunter on Mar 16, 2024.
             Slain by a steam dragon (4 damage)
             ... on level 4 of the Dungeon.
             The game lasted 00:03:34 (2222 turns).

gimp the Shooter (Coglin Hunter)                    Turns: 2222, Time: 00:03:35

Health: -1/44      AC:  5    Str: 12    XL:     6   Next: 2%
Magic:  6/6        EV: 11    Int:  8    God:
Gold:   147        SH:  0    Dex: 19    Spells: 5/5 levels left

rFire   . . .        a - +2 sling {Yashnoor}
rCold   . . .        d - +0 sling {Bo}
rNeg    . . .        c - +0 leather armour
rPois   .            (no helmet)
rElec   .            (no cloak)
rCorr   .            r - +0 pair of gloves
SInv    .            m - +0 pair of boots
Will    .....        (amulet unavailable)
Stlth   ++           (ring unavailable)
HPRegen 0.27/turn    (ring unavailable)
MPRegen 0.10/turn    (no gizmo)

%: no passive effects
@: invisible, revved
A: off-hand wielding, slow wielding, warmup strikes, no jewellery
a: Invent Gizmo


You were on level 4 of the Dungeon.
You visited 1 branch of the dungeon, and saw 4 of its levels.

You collected 147 gold pieces.

Inventory:

Hand Weapons
 a - a +2 sling (weapon) {Yashnoor}
 d - a +0 sling (offhand) {Bo}
 j - a +0 orcbow
Armour
 c - a +0 leather armour (worn)
 m - a +0 pair of boots (worn)
 r - a +0 pair of gloves (worn)
Wands
 o - a wand of flame (8)
Scrolls
 b - a scroll of butterflies
 f - a scroll of poison {unknown}
 g - 5 scrolls of identify {unknown}
 h - a scroll of amnesia {unknown}
 k - 4 scrolls of teleportation {unknown}
 q - a scroll of immolation {unknown}
Potions
 e - a potion of enlightenment {unknown}
 i - a potion of invisibility
 l - 2 potions of heal wounds {unknown}
 n - a potion of haste {unknown}
 p - a potion of curing {unknown}
 s - a potion of mutation {unknown}


   Skills:
 - Level 2.0 Fighting
 * Level 6.4 Ranged Weapons
 - Level 1.7 Dodging
 - Level 0.7 Stealth


You had 5 spell levels left.
You didn't know any spells.
Your spell library contained the following spells:

 Spells                   Type           Power      Damage    Failure   Level
 Blink                    Tloc           0%         N/A       63%         2
 Lesser Beckoning         Tloc           0%         N/A       63%         2
 Momentum Strike          Conj/Tloc      0%         3d8       63%         2


Dungeon Overview and Level Annotations

Branches:
Dungeon (4/15)
 Temple: D:4-7

Altars:
The Shining One

Shops:
D:3 [


Innate Abilities, Weirdness & Mutations

You can wield a second weapon in your off-hand.
It takes a long time for you to wield or remove held weapons.
Your first few attacks do less damage.
You cannot equip rings or amulets.


Message History

You see here a +0 club.
Found a stone staircase leading down.
You start putting on your armour.
You continue putting on your +0 pair of boots. x4
You finish putting on your +0 pair of boots.
Found a rapier.
An iguana comes into view.
Found 9 gold pieces.
The iguana hisses angrily.
An iguana is nearby!
You shoot a sling bullet. The sling bullet hits the iguana.
The iguana is lightly wounded.
You shoot a sling bullet. The sling bullet hits the iguana.
The iguana is moderately wounded.
You hear an angry hiss.
A steam dragon comes into view.
You shoot a sling bullet.
The sling bullet hits the iguana but does no damage.
The iguana is moderately wounded.
You shoot a sling bullet. The sling bullet hits the iguana.
The iguana is severely wounded.
The iguana bites you.
You take 6 damage, and have 32/38 hp.
You shoot a sling bullet. The sling bullet hits the iguana.
The iguana is almost dead.
You shoot a sling bullet.
The sling bullet hits the iguana but does no damage.
The iguana is almost dead.
The iguana barely misses you.
The iguana bites you but does no damage.
Okay, then.
The iguana attacks as it pursues you!
The iguana bites you but does no damage.
The iguana attacks as it pursues you! The iguana misses you.
Fire: a) +2 sling {Yashnoor}
Press: ? - help, Q - select action, (/) - cycle Shift-Dir - straight line, p - iguana You shoot a sling bullet.
The sling bullet closely misses the iguana.
The sling bullet barely misses the steam dragon.
You shoot a sling bullet. The sling bullet hits the iguana.
The iguana is almost dead.
The iguana closely misses you.
Fire: a) +2 sling {Yashnoor}
Press: ? - help, Q - select action, (/) - cycle Shift-Dir - straight line, f - steam dragon
Aim: a steam dragon (65% to hit)
You shoot a sling bullet.
The sling bullet hits the steam dragon but does no damage.
You shoot a sling bullet. The sling bullet hits the steam dragon.
The steam dragon is lightly wounded.
The steam dragon breathes steam at you. The ball of steam hits you!
The iguana completely misses you.
You take 8 damage, and have 27/38 hp.
MASSIVE DAMAGE!!
Fire: a) +2 sling {Yashnoor}
Press: ? - help, Q - select action, (/) - cycle Shift-Dir - straight line, f - iguana, p - steam dragon
Aim: an iguana (almost dead, 69% to hit)
You shoot a sling bullet. The sling bullet hits the iguana.
You kill the iguana!
You shoot a sling bullet.
You are engulfed in a cloud of scalding steam.
The steam dragon bites you. The steam dragon barely misses you.
You have reached level 6!
MP restored: 6 Fire: a) +2 sling {Yashnoor}
Press: ? - help, Q - select action, (/) - cycle Shift-Dir - straight line, f - steam dragon
Aim: a steam dragon (lightly wounded, catching its breath, 65% to hit)
You shoot a sling bullet.
The sling bullet barely misses the steam dragon.
You shoot a sling bullet.
The sling bullet closely misses the steam dragon.
The steam dragon bites you! The steam dragon closely misses you.
You take 10 damage, and have 18/44 hp.
MASSIVE DAMAGE!!
You are too injured to fight recklessly!
You shoot a sling bullet.
The sling bullet closely misses the steam dragon.
You shoot a sling bullet. The sling bullet hits the steam dragon.
The steam dragon is lightly wounded.
The steam dragon bites you but does no damage.
The steam dragon claws you.
You take 4 damage, and have 14/44 hp.
You shoot a sling bullet. The sling bullet hits the steam dragon.
The steam dragon is moderately wounded.
You shoot a sling bullet.
The sling bullet hits the steam dragon but does no damage.
The steam dragon is moderately wounded.
The steam dragon completely misses you. The steam dragon barely misses you.
You shoot a sling bullet. The sling bullet hits the steam dragon!
The steam dragon is heavily wounded.
You shoot a sling bullet. The sling bullet hits the steam dragon.
The steam dragon is severely wounded.
The steam dragon breathes steam at you. The ball of steam hits you!
* * * LOW HITPOINT WARNING * * *
The steam dragon closely misses you. The steam dragon claws you.
* * * LOW HITPOINT WARNING * * *
You take 11 damage, and have 3/44 hp.
MASSIVE DAMAGE!!
It was a potion of invisibility.
You fade into invisibility!
The steam dragon bites you.
You die...

#### #.# #...#.#..)...
....##.###.###.#......
#....#...# #......##
###...)..### #.##...##
......#### #.......#
....#..#######..###$.# .##
##..........###..# ..#
####......D.....#
..####.....#....@....#
#........#.....§.§...#
#......#..#.......§..#
#.#..................#######
....########.........#.....#
##### ##.........#.....# #
#..........#.....#
#................#
#.........%#..<..#


You could see a steam dragon (unable to see you, catching breath).

Vanquished Creatures
  2 orc priests (D:3)
  2 iguanas (D:4)
  An orc wizard (D:3)
  An adder (D:2)
  A ribbon worm (D:3)
  3 dart slugs
  7 orcs (D:3)
  2 ball pythons
  2 endoplasms
  2 giant cockroaches (D:3)
  3 goblins
  7 hobgoblins
  9 jackals
  6 kobolds
  3 quokkas
  5 bats
  5 frilled lizards
  2 rats (D:1)
63 creatures vanquished.

Notes
Turn   | Place    | Note
-------+----------+-------------------------------------------
     0 | D:1      | gimp the Coglin Hunter began the quest for the Orb.
     0 | D:1      | Reached XP level 1. HP: 16/16 MP: 1/1
    37 | D:1      | Reached skill level 4 in Ranged Weapons
    37 | D:1      | Reached XP level 2. HP: 18/22 MP: 2/2
   527 | D:2      | Reached XP level 3. HP: 27/27 MP: 3/3
  1281 | D:3      | Found a glowing golden altar of the Shining One.
  1318 | D:3      | Reached skill level 5 in Ranged Weapons
  1343 | D:3      | Reached XP level 4. HP: 33/33 MP: 4/4
  1391 | D:3      | Found Ynep's Antique Armour Shop.
  1831 | D:3      | Reached XP level 5. HP: 26/38 MP: 5/5
  1930 | D:3      | Reached skill level 6 in Ranged Weapons
  2202 | D:4      | Noticed a steam dragon
  2217 | D:4      | Reached XP level 6. HP: 28/44 MP: 6/6
  2222 | D:4      | Slain by a steam dragon

Illustrated notes

Levels and vault maps discovered:
D:1:      dpeg_arrival_tiny_h, layout_rooms
D:2:      layout_loops_ring, serial_glass, glass_columns_c, glass_columns_b
D:3:      layout_loops_ring, lemuel_crystal_altar, serial_shops,
          nicolae_shop_trees
D:4:      layout_rooms

Skill      XL: |  1  2  3  4  5 |
---------------+----------------+-----
Ranged Weapons | 4 5 6 |  6.4
Fighting       | |  2.0
Dodging        | |  1.7
Stealth        | |  0.7

Action                     |  1- 3 |  4- 6 || total
---------------------------+-------+-------++-------
   Fire: Sling             |   148 |   166 ||   314
    Use: Potion            |       |     1 ||     1
 Armour: Leather armour    |    17 |    32 ||    49
  Dodge: Dodged            |    15 |    15 ||    30

Table legend: (Time is in decaauts)
 A = Elapsed time spent in this place.
 B = Non-inter-level travel time spent in this place.
 C = Inter-level travel time spent in this place.
 D = Time resting spent in this place.
 E = Time spent auto-exploring this place.
 F = Levels seen in this place.
 G = Mean time per level.
                   A        B        C        D        E       F      G
               +--------+--------+--------+--------+--------+-----+--------+
         Total |   2252 |   2223 |     29 |      0 |   1846 |   4 |  563.0 |
       Dungeon |   2252 |   2223 |     29 |      0 |   1846 |   4 |  563.0 |
               +--------+--------+--------+--------+--------+-----+--------+

Top non-repeatable levels by time:
     D:3: 812 daAuts
     D:2: 785 daAuts
     D:1: 471 daAuts
     D:4: 182 daAuts
